 Dungeon Crawl Stone Soup version 0.29.0-5-ge4962eb29e (webtiles) character file.

Game seed: 17273734860227180220

345 sentinel the Digger (level 7, -7/47 (50) HPs)
             Began as a Meteoran Earth Elementalist on Aug 28, 2022.
             Was an Initiate of Ashenzari.
             Mangled by a wight
             ... wielding a +4 battleaxe
              (21 damage)
             ... on level 6 of the Dungeon.
             The game lasted 00:03:17 (503 turns).

sentinel the Digger (Meteoran Earth Elementalist)    Turns: 503, Time: 00:03:18

HP:   -7/47 (50)    AC:  3    Str: 11    XL:     7   Next: 13%
MP:   10/12         EV: 12    Int: 18    God:    Ashenzari [......]
Gold: 0             SH:  0    Dex: 14    Spells: 5/11 levels left

rFire   . . .      SeeInvis .   (no weapon)
rCold   . . .      Faith    .   (no shield)
rNeg    + . .      Spirit   .   a - +0 robe
rPois   .          Reflect  .   i - +1 hat
rElec   .          Harm     .   (no cloak)
rCorr   .          Rampage  .   (no gloves)
Will    .....                   (no boots)
Stlth   +.........              e - amulet of regeneration
HPRegen 0.95/turn               d - ring of positive energy
MPRegen 0.13/turn               (no ring)

@: glowing, drained
A: sense surroundings 1, otherworldly, glowing, explore regen
a: Renounce Religion


You were on level 6 of the Dungeon.
You worshipped Ashenzari.
Ashenzari was noncommittal.
You visited 2 branches of the dungeon, and saw 7 of its levels.

Inventory:

Missiles
 c - 4 boomerangs
 f - 5 datura-tipped darts
Armour
 a - a +0 robe (worn)
 i - a +1 hat (worn)
Jewellery
 d - a ring of positive energy (left hand)
 e - an amulet of regeneration (around neck)
Scrolls
 j - a scroll of magic mapping {unknown}
Potions
 g - 2 potions of attraction {unknown}
 h - 2 potions of flight {unknown}


   Skills:
 - Level 2.4 Dodging
 - Level 1.4 Stealth
 - Level 2.6 Spellcasting
 * Level 5.5 Conjurations
 - Level 1.2 Transmutations
 + Level 6.4 Earth Magic


You had 5 spell levels left.
You knew the following spells:

 Your Spells              Type           Power      Damage    Failure   Level
a - Sandblast             Erth           50%        2d12      1%          1
b - Stone Arrow           Conj/Erth      46%        3d9       4%          3
c - Passwall              Tmut/Erth      13%        N/A       5%          2

Your spell library contained the following spells:

 Spells                   Type           Power      Damage    Failure   Level
 Petrify                  Tmut/Erth      16%        N/A       34%         4


Dungeon Overview and Level Annotations

Branches:
Dungeon (6/15) Zot: 3107   Temple (1/1) D:4 Zot: 571

Altars:
Ashenzari
Fedhas
Kikubaaqudgha
Makhleb
Nemelex Xobeh
Qazlal
Ru
Sif Muna
Trog
Uskayaw
Vehumet
Wu Jian
Xom
Zin


Innate Abilities, Weirdness & Mutations

You passively map a small area around you.
You are easily found by Zot.
You glow in the dark.
You regain HP and MP as you explore.


Message History

* * * LOW HITPOINT WARNING * * *
You partially resist.
You feel drained.
Casting: Stone Arrow (dangerous; 5% risk of failure)
Confirm with . or Enter, or press ? or * to list all spells.
Aiming: Stone Arrow (dangerous; 5% risk of failure)
Press: ? - help, Shift-Dir - straight line, f/p - wight
Aim: a wight, wielding a +2 hand axe and wearing a +0 robe (almost destroyed, 71% to hit)
The stone arrow hits the wight!
You destroy the wight!
A wight comes into view. It is wielding a +4 battleaxe.
Your life force feels restored.
Your Conjurations skill increases to level 5!
There is a stone staircase leading up here.
The hound pauses to sniff the ground.
The hound bites you but does no damage.
You climb upwards.
There is a stone staircase leading down here.
A quokka comes into view.
There is an escape hatch in the ceiling here.
Casting: Stone Arrow (dangerous; 4% risk of failure)
Confirm with . or Enter, or press ? or * to list all spells.
Aiming: Passwall (safe; 5% risk of failure)
Press: ? - help, Dir - move target A rock wall.
Something is blocking your path through the rock.
Casting: Passwall (safe; 5% risk of failure)
Confirm with . or Enter, or press ? or * to list all spells.
Aiming: Passwall (safe; 5% risk of failure)
Press: ? - help, Dir - move target A rock wall.
Something is blocking your path through the rock.
There is an escape hatch in the ceiling here.
Casting: Passwall (safe; 5% risk of failure)
Confirm with . or Enter, or press ? or * to list all spells.
Aiming: Passwall (safe; 5% risk of failure)
Press: ? - help, Dir - move target A rock wall.
Something is blocking your path through the rock.
An adder comes into view.
The blast of sand hits the quokka.
The quokka is heavily wounded.
The sentinel's mark upon you fades away.
The blast of sand hits the quokka!
You kill the quokka!
You have reached level 7!
The blast of sand hits the adder!
You kill the adder!
You can't see any susceptible monsters within range! (Use Z to cast anyway.)
You can't see any susceptible monsters within range! (Use Z to cast anyway.)
You aren't carrying any items that you can evoke.
Unknown command.
There is an escape hatch in the ceiling here.
You see here a quokka corpse.
There is an escape hatch in the ceiling here.
You see here a quokka corpse.
A mysterious force pulls you upwards. The hatch slams shut behind you.
The hound barks!
Found a smoky green potion.
Found a sacrificial altar of Ru and a radiant altar of Vehumet.
The blast of sand hits the hound.
The hound is moderately wounded.
The hound barely misses you. The hound bites you but does no damage.
Casting: Sandblast (safe; 1% risk of failure)
Confirm with . or Enter, or press ? or * to list all spells.
Aiming: Stone Arrow (dangerous; 4% risk of failure)
Press: ? - help, Shift-Dir - straight line, f/p - hound
Aim: a hound (moderately wounded, 60% to hit)
The stone arrow misses the hound.
The hound bites you. The hound bites you but does no damage.
Casting: Stone Arrow (dangerous; 4% risk of failure)
Confirm with . or Enter, or press ? or * to list all spells.
Aiming: Stone Arrow (dangerous; 4% risk of failure)
Press: ? - help, Shift-Dir - straight line, f/p - hound
Aim: a hound (moderately wounded, 60% to hit)
The stone arrow hits the hound!
The hound is severely wounded.
The hound barely misses you.
The blast of sand hits the hound.
The hound is almost dead.
The hound barely misses you. The hound bites you but does no damage.
The hound bites you.
The blast of sand hits the hound!
You kill the hound!
Found a hide-covered altar of Uskayaw and a shimmering altar of Xom.
h - 2 smoky green potions (gained 1)
There is a hide-covered altar of Uskayaw here.
Found an ancient bone altar of Kikubaaqudgha.
Casting: Sandblast (safe; 1% risk of failure)
Confirm with . or Enter, or press ? or * to list all spells.
Aiming: Passwall (safe; 5% risk of failure)
Press: ? - help, Dir - move target A rock wall.
You begin to meditate on the wall.
You continue meditating on the rock. x2
You finish merging with the rock.
Found a plate armour.
Casting: Passwall (safe; 5% risk of failure)
Confirm with . or Enter, or press ? or * to list all spells.
Aiming: Passwall (safe; 5% risk of failure)
Press: ? - help, Dir - move target A rock wall.
You begin to meditate on the wall.
You continue meditating on the rock. x2
You finish merging with the rock.
Found a staircase to the Ecumenical Temple.
Found a stone staircase leading down.
There is a staircase to the Ecumenical Temple here.
You climb downwards.
Welcome to the Ecumenical Temple!
Found four altars.
There is a staircase back to the Dungeon here.
Found three altars.
Found a glowing silver altar of Zin and a stormy altar of Qazlal.
There is a broken altar of Ashenzari here.
You kneel at the altar of Ashenzari.
Ashenzari welcomes you!
Ashenzari warns you of distant threats and treasures.
Ashenzari reveals the structure of the dungeon to you.
Ashenzari shows you where magical portals lie.
There is a staircase back to the Dungeon here.
You climb upwards.
Welcome back to the Dungeon!
There is a staircase to the Ecumenical Temple here.
There is a stone staircase leading down here.
You climb downwards.
There is a stone staircase leading up here.
Found a robe.
Unknown command.
There is a stone staircase leading down here.
You climb downwards.
The hound bites you. The wight misses you.
The hound bites you but does no damage.
There is a stone staircase leading up here.
Casting: Passwall (safe; 5% risk of failure)
Confirm with . or Enter, or press ? or * to list all spells.
Okay, then.
Casting: Passwall (safe; 5% risk of failure)
Confirm with . or Enter, or press ? or * to list all spells.
Aiming: Passwall (safe; 5% risk of failure)
Press: ? - help, Dir - move target A rock wall.
The wight hits you with a +4 battleaxe! You partially resist.
You feel drained. The hound bites you. The scorpion stings you.
You begin to meditate on the wall.
You continue meditating on the rock.
The hound misses you. The wight hits you with a +4 battleaxe!
You partially resist.
You feel drained. The scorpion barely misses you. The hound closely misses you.
The ufetubus hits you but does no damage.
The ufetubus barely misses you.
You continue meditating on the rock.
The wight hits you with a +4 battleaxe. The hound barely misses you.
The scorpion barely misses you. The ufetubus hits you. x2
You continue meditating on the rock.
The hound closely misses you. The ufetubus hits you.
* * * LOW HITPOINT WARNING * * *
The ufetubus hits you but does no damage.
The wight hits you with a +4 battleaxe!!
You die...

, ,
##...........
. * , ,
............
** .. ,
,.......[. ..
, ......., ,
.. , ,,....#
, , * ,, ,
#.n.# . ,
##[K.#
....###s5#.#
* ,
.......@h# #
......z### *
.......,* , ,
......# , * ,
, ...... , ,
* #..... , ,
#..... ,,
##..# * ,


You could see a kobold brigand, a necrophage, a scorpion, a hound, a wight and
an ufetubus.

Vanquished Creatures
  A water moccasin (D:5)
  2 wights (D:6)
  2 hounds
  An iguana (D:6)
  2 adders
  A white imp (D:6)
  3 endoplasms
  A giant cockroach (D:1)
  A goblin (D:3)
  A hobgoblin (D:2)
  4 jackals
  A quokka (D:5)
  A kobold (D:1)
21 creatures vanquished.

Notes
Turn   | Place    | Note
-------+----------+-------------------------------------------
     0 | D:1      | sentinel the Meteoran Earth Elementalist began the quest
                  | for the Orb.
     0 | D:1      | Reached XP level 1. HP: 14/14 MP: 5/5
    63 | D:2      | Reached skill level 4 in Earth Magic
    64 | D:2      | Reached XP level 2. HP: 15/20 MP: 1/6
    68 | D:2      | Learned a level 2 spell: Passwall
    80 | D:2      | Found a hide-covered altar of Uskayaw.
   191 | D:4      | Reached XP level 3. HP: 26/26 MP: 5/8
   195 | D:4      | Learned a level 3 spell: Stone Arrow
   220 | D:5      | Entered Level 5 of the Dungeon
   220 | D:5      | Noticed a water moccasin
   230 | D:5      | Killed a water moccasin
   231 | D:5      | Reached skill level 5 in Earth Magic
   231 | D:5      | Reached XP level 4. HP: 23/33 MP: 2/9
   231 | D:5      | Reached XP level 5. HP: 27/38 MP: 2/10
   338 | D:5      | Reached XP level 6. HP: 45/45 MP: 6/11
   365 | D:6      | Reached skill level 6 in Earth Magic
   367 | D:6      | Reached skill level 5 in Conjurations
   389 | D:5      | Reached XP level 7. HP: 50/50 MP: 5/12
   394 | D:4      | Found a sacrificial altar of Ru.
   394 | D:4      | Found a radiant altar of Vehumet.
   401 | D:4      | Found a hide-covered altar of Uskayaw.
   401 | D:4      | Found a shimmering altar of Xom.
   418 | D:4      | Found an ancient bone altar of Kikubaaqudgha.
   442 | D:4      | Found a staircase to the Ecumenical Temple.
   451 | Temple   | Entered the Ecumenical Temple
   466 | Temple   | Became a worshipper of Ashenzari the Shackled
   503 | D:6      | Mangled by a wight

Illustrated notes

Levels and vault maps discovered:
D:1:      dpeg_arrival_radiant, layout_rooms,
          shapermc_ecumenical_altar_acropolis
D:2:      layout_loops_ring, basic_altar
D:3:      cheibrodos_fertilizer, layout_loops_cross, gup_sewer_entry_bowl,
          corexii_leaking_fountain, st_stairs_7, minmay_tree_intersection
D:4:      layout_gridville, nicolae_overflow_hallway_of_the_gods,
          minmay_temple_entry_glass
D:5:      layout_cave_pools, gammafunk_temple_overflow_forgotten, serial_shops,
          nicolae_lakefront_shop, kennysheep_cross_room
D:6:      layout_cave_pools, hangedman_decor_opposing
Temple:   zaba_magenta_temple

Skill      XL: |  1  2  3  4  5  6 |
---------------+-------------------+-----
Earth Magic    | 4 5 6 |  6.4
Conjurations   | 3 4 5 |  5.5
Dodging        | |  2.4
Stealth        | |  1.4
Spellcasting   | |  2.6
Transmutations | |  1.2

Action                   |  1- 3 |  4- 6 |  7- 9 || total
-------------------------+-------+-------+-------++-------
 Cast: Sandblast         |    23 |     8 |     4 ||    35
       Passwall          |     2 |     7 |     3 ||    12
       Stone Arrow       |       |     7 |     2 ||     9
  Use: Potion            |       |     1 |       ||     1
Armor: Robe              |     2 |     1 |     6 ||     9
Dodge: Dodged            |     8 |     4 |    11 ||    23
